[Event "WEM-KT 2018"]
[Site "Illertissen"]
[Date "2018.08.31"]
[Round "7"]
[White "Hermann, Tobias"]
[Black "Bossinger, Patrick"]
[Result "1/2-1/2"]
[ECO "A16"]
[WhiteElo "2002"]
[BlackElo "2039"]
[Annotator "NA RC"]
[PlyCount "62"]
[EventDate "2018.08.25"]
[EventType "tourn"]
[EventCountry "GER"]
[SourceTitle "playchess.com"]
[Source "ChessBase"]
[SourceQuality "1"]
[TimeControl "40/6000+30:3000+30"]

1. c4 Nf6 2. Nc3 g6 3. g3 d5 4. cxd5 Nxd5 5. Bg2 Nxc3 6. bxc3 Bg7 7. Nf3 {[%emt 0:03:17] LiveBook: 169 Games} O-O 8. O-O Nd7 9. Rb1 Nb6 {[%emt 0:02:40] A16: English Opening: 1...Nf6 with ...d5} (9... c5 10. Qa4 Qc7 11. d3 e5 12. Nd2 a6 13. c4 f5 14. Rb3 h6 15. Bb2 Kh7 16. Rb1 Ra7 17. Bc3 b6 {0-1 (55) Nielsen,P (2670)-Areshchenko,A (2664) Germany 2011}) 10. Qc2 Bf5 11. d3 Qd7 12. Bb2 $146 ({Predecessor:} 12. c4 Rab8 13. Bb2 Qa4 14. Qb3 Qa5 15. Bxg7 Kxg7 16. Nd4 Bd7 17. Nb5 {1-0 (66) Wolske,G (2120)-Szeberenyi,A (2225) Balatonbereny 1997}) 12... c6 13. c4 Rab8 14. c5 Na8 15. Bxg7 Kxg7 16. Rb4 Qc7 17. Rfb1 b5 (17... b6 $16 18. Qb2+ f6) 18. cxb6 Rxb6 19. Nd4 c5 20. Bxa8 (20. Nxf5+ $18 gxf5 21. Rxb6 axb6 22. Qc3+ Kg8 23. Qa3) 20... Rxa8 21. Nxf5+ gxf5 22. Rc4 Qe5 23. Rb3 Qe6 24. Rxc5 Rxb3 25. axb3 Rb8 26. Rc4 Rb6 27. b4 Ra6 28. Qc3+ f6 29. Qb2 Rb6 30. Qa2 $16 Ra6 31. Qb2 Rb6 1/2-1/2

[Event "WEM-KT 2018"]
[Site "Illertissen"]
[Date "2018.08.31"]
[Round "7"]
[White "Guenther, Stefan"]
[Black "Jooss, Achim"]
[Result "1-0"]
[ECO "E04"]
[WhiteElo "1907"]
[BlackElo "1749"]
[Annotator "NA RC"]
[PlyCount "53"]
[EventDate "2018.08.25"]
[EventType "tourn"]
[EventCountry "GER"]
[SourceTitle "playchess.com"]
[Source "ChessBase"]
[SourceQuality "1"]
[TimeControl "40/6000+30:3000+30"]

1. d4 d5 2. c4 c6 3. Nf3 Nf6 4. g3 e6 5. Bg2 Nbd7 6. O-O dxc4 7. Qc2 {[%emt 0:00:40] E04: Open Catalan: 5 Nf3} Bd6 (7... b5 8. b3 cxb3 9. Qxc6 Rb8 10. axb3 Bb7 11. Qc2 Rc8 12. Qa2 Bd6 13. Bg5 O-O 14. Nbd2 Qc7 15. Qb1 a6 16. Bxf6 Nxf6 {½-½ (51) Dominguez Perez,L (2732)-Quesada Perez,Y (2631) Matanzas 2016}) 8. Nbd2 b5 9. b3 Bb7 $146 ({Predecessor:} 9... c3 10. Qxc3 Bb7 11. e4 c5 12. Qd3 Be7 13. Qxb5 Qc8 14. Qd3 cxd4 15. e5 {1-0 (34) Tregubov,P (2615)-Gormally,D (2504) Cappelle-la-Grande 2000}) 10. bxc4 b4 11. e4 e5 12. c5 Bc7 {[%emt 0:00:22] [#]} 13. d5 $1 a5 14. Bb2 O-O 15. d6 Bb8 16. Nxe5 Ba7 17. Nxd7 Nxd7 18. Bd4 Qg5 19. f4 Qh5 20. e5 Rfe8 21. Rae1 Re6 22. f5 Rh6 23. h3 g5 24. g4 Qh4 $18 25. Ne4 Ba6 26. Bf2 Bxf1 27. Kxf1 1-0

[Event "WEM-KT 2018"]
[Site "Illertissen"]
[Date "2018.08.31"]
[Round "7"]
[White "Kohde, Janis"]
[Black "Schelberg, Martin"]
[Result "1-0"]
[ECO "E60"]
[WhiteElo "1803"]
[BlackElo "1727"]
[Annotator "NA RC"]
[PlyCount "64"]
[EventDate "2018.08.25"]
[EventType "tourn"]
[EventCountry "GER"]
[SourceTitle "playchess.com"]
[Source "ChessBase"]
[SourceQuality "1"]
[TimeControl "40/6000+30:3000+30"]

1. Nf3 Nf6 2. e3 g6 3. b3 Bg7 4. Bb2 O-O 5. Be2 d6 6. d4 c5 7. O-O Ne4 8. c4 Nc6 9. Qc2 {[%emt 0:03:37] E60: King's Indian: Unusual lines and Fianchetto Variation without Nc3} (9. Qc1 cxd4 10. Nxd4 Nxd4 11. exd4 e5 12. Qe3 Ng5 13. dxe5 Bxe5 14. Bxe5 dxe5 15. Rd1 Qf6 16. Nc3 Ne6 {1-0 (40) Bellin,R (2355)-Rogers,J (2349) England 2011}) 9... f5 10. Rd1 $146 ({Predecessor:} 10. a3 cxd4 11. exd4 Qb6 12. d5 Nd4 13. Nxd4 Bxd4 14. Bxd4 Qxd4 15. Ra2 Bd7 16. Qd3 Qb6 17. Nd2 Rac8 18. Rb2 Nf6 19. Nf3 {½-½ (19) Zachert,A (1673)-Jonas,A Germany 2002}) 10... Qc7 11. Nbd2 Nb4 12. Qc1 $1 Bh6 13. d5 e5 14. dxe6 Bxe6 15. a3 Nc6 16. Nxe4 fxe4 17. Nd2 d5 18. cxd5 Bxd5 19. Qxc5 Qf7 $2 {[%emt 0:02:06] [#]} (19... Rad8 20. Nxe4 Bg7) 20. Nxe4 $1 Bxb3 21. Rd3 Be6 22. Nf6+ ({Schwächer ist} 22. Qc3 Bg7 $18) 22... Kh8 23. Nd7+ (23. Nh5+ $142 Kg8 24. e4) 23... Kg8 (23... Bg7 {was necessary.} 24. Bxg7+ (24. Nxf8 Bxb2 25. Nxe6 Bxa1 $18) 24... Qxg7) 24. Nxf8 Rxf8 25. Qc3 Qxf2+ $2 ({Better is} 25... Bg7 $18 26. Qxg7+ Qxg7 27. Bxg7 Kxg7) 26. Kh1 Qxe2 27. Qh8+ Kf7 28. Qf6+ Ke8 29. Qxe6+ Ne7 30. Qd7+ $18 (30. Rdd1 $142 Qxb2 31. Rac1 Qxc1 32. Rxc1) 30... Kf7 31. Be5 Qf2 32. Rdd1 Kg8 1-0

[Event "WEM-KT 2018"]
[Site "Illertissen"]
[Date "2018.08.31"]
[Round "7"]
[White "Seidler, Ottmar"]
[Black "Wolf, Rainer"]
[Result "0-1"]
[ECO "E14"]
[WhiteElo "1706"]
[BlackElo "2044"]
[Annotator "NA RC"]
[PlyCount "52"]
[EventDate "2018.08.25"]
[EventType "tourn"]
[EventCountry "GER"]
[SourceTitle "playchess.com"]
[Source "ChessBase"]
[SourceQuality "1"]
[TimeControl "40/6000+30:3000+30"]

1. d4 Nf6 2. c4 e6 3. Nf3 b6 4. Nc3 Bb7 5. e3 Be7 6. Be2 O-O 7. O-O d5 8. cxd5 exd5 9. b3 {[%emt 0:01:18] E14: Queen's Indian: Classical Variation (4 e3)} Nbd7 10. Bb2 a6 11. Rc1 Bd6 12. Bd3 Re8 13. Qc2 {[%emt 0:02:19] LiveBook: 8 Games} (13. Ne2 Ne4 14. Ng3 g6 15. Qc2 Qe7 16. Ne5 Nxg3 17. hxg3 Nf6 18. Qe2 {½-½ (24) Malakhov,V (2690)-Wang,H (2690) China 2017}) 13... Ne4 14. a3 Re6 $146 ({Predecessor:} 14... Ndf6 15. Ne5 Nxc3 16. Qxc3 c5 17. Qc2 Qe7 18. Nf3 Ne4 19. dxc5 bxc5 {½-½ (60) Thuerauf,P (1917)-Osmanovic,F (2096) Nuremberg 2009}) 15. b4 b5 16. Qe2 Qe7 17. Rce1 Re8 18. Nd1 (18. g3 $15) 18... Rh6 19. g3 $2 {[%emt 0:04:01] [#]} (19. h3 $17) 19... Qe6 $1 20. Bxe4 dxe4 ({Weaker is} 20... Qxe4 21. Bc3 $17) 21. Nd2 Bd5 (21... Qh3 $142 22. f4 exf3 23. Rxf3 Bxf3 24. Nxf3 {[#]} Bxg3 $1 25. hxg3 Rg6) 22. Nc3 Qh3 23. f4 exf3 $1 24. Qf2 $2 (24. Nxf3 $19 Bc4 25. Qg2) 24... Rg6 25. Nxd5 Bxg3 26. Nf4 Bxh2+ 0-1

[Event "WEM-KT 2018"]
[Site "Illertissen"]
[Date "2018.09.01"]
[Round "8"]
[White "Namyslo, Holger"]
[Black "Laengl, Juergen"]
[Result "1/2-1/2"]
[ECO "C18"]
[WhiteElo "2275"]
[BlackElo "2223"]
[Annotator "NA"]
[PlyCount "81"]
[EventDate "2018.08.25"]
[EventType "tourn"]
[EventCountry "GER"]
[SourceTitle "playchess.com"]
[Source "ChessBase"]
[SourceQuality "1"]
[TimeControl "40/6000+30:3000+30"]

1. e4 e6 2. d4 d5 3. Nc3 Bb4 4. e5 Ne7 5. a3 Bxc3+ 6. bxc3 c5 7. Qg4 O-O 8. Bd3 {[%emt 0:00:32] LiveBook: 2001 Games} Nbc6 9. Qh5 Nf5 10. Nf3 {[%emt 0:13:27] C18: French: 3 Nc3 Bb4: Main line: 7 h4 and 7 Qg4} f6 (10... c4 11. g4 g6 12. Qh3 cxd3 13. gxf5 exf5 14. Bg5 f4 15. Qh6 f6 16. Bxf6 Rxf6 17. exf6 Qxf6 18. cxd3 {1-0 (50) Borzenko,A (2533)-Belchev,B (2352) ICCF email 2011}) 11. g4 fxe5 12. gxf5 e4 13. Ng5 h6 14. Nxe4 dxe4 15. Rg1 Qf6 $146 ({Predecessor:} 15... Qe7 16. Bc4 e3 17. Bxe3 Na5 18. Bxh6 Rf7 19. fxe6 {1-0 (19) McDonald,G-Malmstroem,J LSS email 2007}) 16. Bc4 Qxf5 17. Qxf5 Rxf5 18. Bxh6 Kh7 19. Be3 cxd4 20. cxd4 e5 21. Rd1 Bd7 22. Rg4 Rh5 23. Rg2 exd4 24. Bxd4 Nxd4 25. Rxd4 Bc6 26. Rd6 Rh6 27. Rxh6+ Kxh6 28. Rg3 Rc8 29. Be6 Re8 30. Bf5 Re5 31. Bg4 Rc5 32. Bd1 Ba4 33. Kd2 Rd5+ 34. Kc1 Rf5 35. f3 e3 36. f4 Rxf4 37. Rxe3 Rh4 38. Re6+ $11 Kh7 39. Re2 Rh3 40. Kb2 Bc6 41. Rf2 1/2-1/2

[Event "WEM-KT 2018"]
[Site "Illertissen"]
[Date "2018.09.01"]
[Round "8"]
[White "Maisch, Julian"]
[Black "Anistratov, Dmitriy"]
[Result "0-1"]
[ECO "C41"]
[WhiteElo "2216"]
[BlackElo "2279"]
[Annotator "NA"]
[PlyCount "62"]
[EventDate "2018.08.25"]
[EventType "tourn"]
[EventCountry "GER"]
[SourceTitle "playchess.com"]
[Source "ChessBase"]
[SourceQuality "1"]
[TimeControl "40/6000+30:3000+30"]

1. e4 d6 2. d4 Nf6 3. Nc3 e5 4. Nf3 Nbd7 5. Bc4 Be7 {[%emt 0:00:13] LiveBook: 7187 Games} 6. O-O O-O 7. Qe2 c6 8. d5 {[%emt 0:03:48] C41: Philidor Defence} (8. a4 exd4 9. Nxd4 Re8 10. Ba2 Bf8 11. f3 d5 12. Qf2 c5 13. Nf5 d4 14. Nd5 Nxd5 15. Qg3 Ne5 16. Nh6+ Kh8 17. Qxe5 {1-0 (17) Savchenko,B (2638)-Yudin,S (2573) Moscow 2010}) 8... Qc7 9. Rd1 Nb6 $146 ({Predecessor:} 9... b5 10. Bb3 b4 11. dxc6 bxc3 12. cxd7 Bxd7 13. bxc3 Qxc3 14. Ba3 Qc6 15. Nxe5 dxe5 16. Bxe7 Nxe4 17. Bxf8 Nc3 18. Qxe5 Nxd1 19. Qxg7# {1-0 (19) Usarova,E (1522)-Dziendziel,M (1246) Liptovsky Mikulas 2017}) 10. Bb3 cxd5 11. exd5 a6 12. h3 Nbd7 13. Nh2 Nc5 14. Ng4 Nxg4 15. hxg4 f5 16. gxf5 Bxf5 17. Be3 Rf6 18. Bc4 Raf8 $17 19. f3 Rg6 20. Kh1 e4 21. Rd4 b5 22. Bb3 exf3 23. gxf3 Bf6 24. Rdd1 Be5 25. Rg1 Bg3 26. Rg2 Bh3 27. Rag1 Bxg2+ 28. Rxg2 Re8 29. Ne4 Nxe4 30. fxe4 Rxe4 31. Qf3 Qe7 0-1

[Event "WEM-KT 2018"]
[Site "Illertissen"]
[Date "2018.09.01"]
[Round "8"]
[White "Schulz, Volker"]
[Black "Kohde, Janis"]
[Result "0-1"]
[ECO "C55"]
[WhiteElo "2169"]
[BlackElo "1803"]
[Annotator "NA"]
[PlyCount "95"]
[EventDate "2018.08.25"]
[EventType "tourn"]
[EventCountry "GER"]
[SourceTitle "playchess.com"]
[Source "ChessBase"]
[SourceQuality "1"]
[TimeControl "40/6000+30:3000+30"]

1. e4 Nf6 2. Nc3 e5 3. Nf3 Nc6 4. Bc4 Nxe4 5. Nxe4 d5 6. Qe2 dxc4 7. Qxc4 Be7 8. Qb5 O-O 9. O-O f5 10. Nc3 e4 11. Ne5 {[%emt 0:01:24] [#]} Nd4 $1 12. Qa4 Rf6 (12... c6 $142 13. Nxc6 bxc6) 13. Nb5 Ne2+ 14. Kh1 Be6 15. d3 $19 Qd5 16. Nc4 exd3 17. Nxc7 Qxc4 18. Qxc4 Bxc4 19. Nxa8 Nxc1 20. Rfxc1 d2 21. Rd1 Rd6 22. g3 Be2 23. Nc7 Kf7 24. a4 a6 25. a5 Bd8 26. Na8 Bxd1 27. Rxd1 Bxa5 28. c3 Ke7 29. b4 Bd8 30. c4 Kd7 31. c5 Rd5 32. Kg2 Kc8 33. Kf3 Kb8 34. Nb6 Bxb6 35. cxb6 Kc8 36. h3 Kd7 37. Ke3 Kc6 38. Rxd2 Rxd2 39. Kxd2 Kxb6 40. g4 f4 41. Kc3 Kb5 42. Kb3 b6 43. h4 a5 44. bxa5 bxa5 45. g5 a4+ 46. Ka3 Kc4 47. h5 Kd3 48. g6 0-1

[Event "WEM-KT 2018"]
[Site "Illertissen"]
[Date "2018.09.01"]
[Round "8"]
[White "Engelhart, Achim, Dr."]
[Black "Guenther, Stefan"]
[Result "1/2-1/2"]
[ECO "B09"]
[WhiteElo "2126"]
[BlackElo "1907"]
[Annotator "NA"]
[PlyCount "83"]
[EventDate "2018.08.25"]
[EventType "tourn"]
[EventCountry "GER"]
[SourceTitle "playchess.com"]
[Source "ChessBase"]
[SourceQuality "1"]
[TimeControl "40/6000+30:3000+30"]

1. e4 d6 2. d4 Nf6 3. Nc3 g6 4. f4 Bg7 5. Nf3 c5 6. Bb5+ Bd7 7. e5 {[%emt 0:00:15] LiveBook: 688 Games} Ng4 8. Bxd7+ Qxd7 9. h3 {[%emt 0:00:09] B09: Pirc-Ufimzew-Verteidigung (Dreibauernangriff)} (9. d5 dxe5 10. h3 e4 11. Nxe4 Nf6 12. Nxf6+ Bxf6 13. O-O O-O 14. c4 e6 15. Be3 exd5 16. cxd5 Rd8 17. Qc2 Na6 18. Rad1 Nb4 19. Qxc5 Nxd5 20. Bd4 Rac8 21. Qa3 Qf5 22. Bxf6 Qxf6 23. Qxa7 Nxf4 24. Rxd8+ Rxd8 {½-½ (51) Mamedov,R (2704)-Carlsen,M (2843) Shamkir 2018}) 9... cxd4 10. Qxd4 Nc6 11. Qe4 Nh6 12. g4 O-O-O 13. Qe2 dxe5 14. fxe5 Qe6 15. Bd2 Nxe5 $146 ({Vorgänger:} 15... f6 16. O-O-O Nf7 {1-0 (76) Cuenca Jimenez,J (2516)-Valdes Romero,L (2362) Berlin 2015}) ({Black should play} 15... f5 $11) 16. Nxe5 Rxd2 17. Kxd2 Bxe5 18. Kc1 f5 19. Re1 Nf7 20. a4 Rd8 $16 ({Lieber} 20... Bf4+ $14 21. Kb1 Qxe2 22. Rxe2 (22. Nxe2 Bd6 $14) 22... Be5) 21. a5 Rd4 22. a6 Bf4+ 23. Kb1 Qxe2 24. axb7+ Kxb7 25. Rxe2 e5 26. Ra4 Rxa4 27. Nxa4 Kc6 28. c4 Ng5 29. gxf5 gxf5 30. b4 e4 31. Nc3 Be5 32. h4 Bxc3 33. hxg5 Bxb4 34. Kc2 Bd6 35. Re1 Kc5 36. Rh1 Bf4 37. Rf1 Be3 38. Rxf5+ Kxc4 39. Re5 Kd4 40. Ra5 Kc4 41. Re5 Kd4 42. Ra5 1/2-1/2

[Event "WEM-KT 2018"]
[Site "Illertissen"]
[Date "2018.09.01"]
[Round "8"]
[White "Jakob, Georg"]
[Black "Bossinger, Patrick"]
[Result "0-1"]
[ECO "C90"]
[WhiteElo "2084"]
[BlackElo "2039"]
[Annotator "NA"]
[PlyCount "52"]
[EventDate "2018.08.25"]
[EventType "tourn"]
[EventCountry "GER"]
[SourceTitle "playchess.com"]
[Source "ChessBase"]
[SourceQuality "1"]
[TimeControl "40/6000+30:3000+30"]

1. e4 e5 2. Nf3 Nc6 3. Bb5 a6 4. Ba4 Nf6 5. O-O b5 6. Bb3 Be7 7. Re1 O-O 8. d3 d6 9. c3 Na5 10. Bc2 c5 11. Nbd2 Re8 {[%emt 0:00:39] LiveBook: 622 Games} 12. Nf1 Bf8 13. Ne3 g6 14. h3 Bg7 {[%emt 0:00:30] C90: Spanische Partie (Abweichungen von der Hauptvariante)} (14... Nc6 15. Nh2 Be6 16. Qf3 Bg7 17. Nhg4 Nxg4 18. hxg4 f6 19. g3 Ne7 20. Bb3 Qd7 21. Kg2 a5 22. Bxe6+ Qxe6 23. Rh1 Rf8 24. Rh2 Rf7 {0-1 (43) Gomez,J (2519)-Efimenko,Z (2680) Al Ain 2008}) 15. a3 Qc7 $146 ({Vorgänger:} 15... Ra7 16. b4 Nc6 17. Nd5 Nxd5 18. exd5 Ne7 19. Bb3 {1-0 (19) Miranda,R (2085)-Olivera,H (2243) Buenos Aires 2013}) 16. Nh2 Bb7 17. b4 Nc6 18. Nhg4 Nxg4 19. hxg4 Ne7 $11 20. Qf3 cxb4 21. cxb4 Qc3 22. Bd2 Qxd2 23. Bb3 Rf8 24. Rec1 Rac8 25. Bc4 bxc4 26. Rc2 Qxd3 0-1

[Event "WEM-KT 2018"]
[Site "Illertissen"]
[Date "2018.09.01"]
[Round "8"]
[White "Wolf, Rainer"]
[Black "Gustain, Marc"]
[Result "0-1"]
[ECO "A06"]
[WhiteElo "2044"]
[BlackElo "2102"]
[Annotator "NA"]
[PlyCount "52"]
[EventDate "2018.08.25"]
[EventType "tourn"]
[EventCountry "GER"]
[SourceTitle "playchess.com"]
[Source "ChessBase"]
[SourceQuality "1"]
[TimeControl "40/6000+30:3000+30"]

1. Nf3 d5 2. e3 Nf6 3. Be2 Bg4 4. c4 dxc4 5. Bxc4 e6 6. Nc3 Nbd7 7. d4 Bd6 8. Be2 O-O 9. O-O a6 10. Qd3 Qe7 11. e4 e5 12. Bg5 exd4 13. Nd5 $17 (13. Qxd4 $11 Bc5 14. Qd2) 13... Qxe4 14. Bxf6 Qxd3 15. Bxd3 Nxf6 16. Nxf6+ gxf6 17. Nxd4 Rad8 18. Bc2 Bxh2+ 19. Kxh2 Rxd4 20. f3 Be6 21. Kg3 Kg7 22. a3 Rd2 23. Rac1 c6 24. Rh1 h6 25. Rhd1 Rfd8 26. Kf4 Rxc2 0-1

[Event "WEM-KT 2018"]
[Site "Illertissen"]
[Date "2018.09.01"]
[Round "8"]
[White "Klaiss, Thomas"]
[Black "Hermann, Tobias"]
[Result "1/2-1/2"]
[ECO "E14"]
[WhiteElo "2021"]
[BlackElo "2002"]
[Annotator "NA RC"]
[PlyCount "149"]
[EventDate "2018.08.25"]
[EventType "tourn"]
[EventCountry "GER"]
[SourceTitle "playchess.com"]
[Source "ChessBase"]
[SourceQuality "1"]
[TimeControl "40/6000+30:3000+30"]

1. Nf3 Nf6 2. b3 b6 3. Bb2 Bb7 4. e3 e6 5. Be2 Be7 6. O-O O-O 7. c4 d5 8. d4 c5 9. Nc3 Nbd7 10. Rc1 Rc8 {[%emt 0:06:01] E14: Damenindisch (Zentralsystem)} 11. Ne5 (11. cxd5 Nxd5 12. Nxd5 Bxd5 13. Bb5 Rc7 14. Qe2 Nf6 15. Rfd1 Qa8 16. dxc5 Rxc5 17. Rxc5 Bxc5 18. Bxf6 gxf6 19. Bc4 Bxf3 20. Qxf3 Qxf3 21. gxf3 {½-½ (39) Liu,Y (2479)-Xu,Y (2539) Shenzhen 2017}) 11... Nxe5 12. dxe5 Ne4 13. cxd5 $146 ({Vorgänger:} 13. Bf3 Nxc3 14. Bxc3 Qc7 15. cxd5 exd5 16. Bxd5 Rcd8 17. e4 Kh8 18. Qf3 {1-0 (40) Turk,T (1772)-Lescan,M (1958) Hum na Sutli 2010}) 13... Nxc3 14. Rxc3 Bxd5 15. Ba6 Rc7 16. Rd3 Qa8 17. Qg4 Be4 18. Rd2 Rd8 19. Rfd1 Rxd2 20. Rxd2 Bc6 21. Bf1 Rd7 22. Rd6 Bxd6 23. exd6 Qf8 24. Be5 Rxd6 25. Bxd6 Qxd6 26. Qe2 b5 27. Qc2 a6 28. h3 g6 29. Be2 f5 30. Qb2 e5 31. Qc3 Kg7 32. Qb2 Kf6 33. Qc3 Be4 34. Qa5 Bd5 35. Qc3 Ke6 36. Qc2 Kd7 37. Qc3 Qc7 38. Qd3 Ke6 39. Qc3 Qc6 40. f3 h5 41. h4 c4 42. b4 Qb6 43. Kf1 Bb7 44. g3 Qd8 45. Kf2 g5 46. hxg5 Qxg5 47. f4 Qf6 48. Bxh5 exf4 49. Qxf6+ Kxf6 50. exf4 Be4 51. Ke3 Bb1 52. a3 Be4 53. Kd4 Bc6 54. Bd1 Ke6 55. Bc2 Bf3 56. a4 Bc6 57. axb5 axb5 58. Bd1 Kd6 59. g4 fxg4 60. Bxg4 Ke7 61. Ke5 Be8 62. Bf5 Bd7 63. Be4 Bg4 64. f5 Be2 65. f6+ Kf8 66. Kd4 Kf7 67. Bc6 c3 68. Kxc3 Kxf6 69. Kd4 Ke7 $11 70. Kc5 Kd8 71. Bxb5 Bf3 72. Kb6 Kc8 73. Ka7 Kc7 74. Bc4 Bc6 $1 75. b5 1/2-1/2

[Event "WEM-KT 2018"]
[Site "Illertissen"]
[Date "2018.09.01"]
[Round "8"]
[White "Handel, Oliver"]
[Black "Seidler, Ottmar"]
[Result "1-0"]
[ECO "C64"]
[WhiteElo "1839"]
[BlackElo "1706"]
[Annotator "NA"]
[PlyCount "61"]
[EventDate "2018.08.25"]
[EventType "tourn"]
[EventCountry "GER"]
[SourceTitle "playchess.com"]
[Source "ChessBase"]
[SourceQuality "1"]
[TimeControl "40/6000+30:3000+30"]

1. e4 e5 2. Nf3 Nc6 3. Bb5 Bc5 4. O-O d6 5. c3 Bd7 6. d4 exd4 7. cxd4 Bb6 8. Re1 Nge7 9. Nc3 O-O 10. Bg5 f6 11. Bf4 Ng6 12. Be3 Nce7 13. Bc4+ Kh8 14. h3 $16 a6 15. Nh2 c6 16. f4 f5 17. e5 dxe5 18. fxe5 f4 19. Bf2 Nf5 20. Nf3 Ba7 21. Ne4 b5 22. Bb3 Qe7 23. Nfg5 Rad8 24. Qh5 Nh6 25. Nd6 Be8 26. Nxe8 Rdxe8 27. Rad1 Rf5 28. h4 f3 29. g3 c5 30. Bc2 Rxg5 31. hxg5 1-0

[Event "WEM-KT 2018"]
[Site "Illertissen"]
[Date "2018.09.01"]
[Round "8"]
[White "Jooss, Achim"]
[Black "Gabriel, Josef"]
[Result "0-1"]
[ECO "A31"]
[WhiteElo "1749"]
[BlackElo "2124"]
[Annotator "NA"]
[PlyCount "90"]
[EventDate "2018.08.25"]
[EventType "tourn"]
[EventCountry "GER"]
[SourceTitle "playchess.com"]
[Source "ChessBase"]
[SourceQuality "1"]
[TimeControl "40/6000+30:3000+30"]

1. d4 g6 2. Nf3 Bg7 3. e3 c5 4. Bd3 Nf6 5. O-O b6 6. c4 O-O 7. d5 d6 8. Nc3 e6 {[%emt 0:01:08] A31: Symmetrical English: 2 Nf3 Nf6 3 d4} (8... a6 9. h3 e6 10. e4 Ra7 11. Be3 Re7 12. Qd2 Nbd7 13. dxe6 fxe6 14. Rad1 Ne5 15. Be2 Rd7 16. Ng5 {1-0 (36) Golubov,S (2506)-Nagy,G (2448) Budapest 2017}) 9. e4 e5 10. h3 Nbd7 11. Nh2 $146 ({Predecessor:} 11. Re1 Bb7 12. Bc2 a6 13. Be3 Rc8 14. Qd2 Nh5 15. Ba4 Qe7 16. Rab1 Ba8 17. Nh2 {1-0 (26) Teipel,T-Theeuf,J ICCF email 2009}) 11... a6 12. Bg5 h6 13. Be3 Kh7 14. Qd2 Rg8 15. f4 Nh5 16. f5 g5 17. Ng4 Nf4 18. Bc2 h5 19. Nf2 Bh6 20. g3 h4 21. g4 Nf6 22. Kh2 Bd7 23. a4 Rb8 24. b3 Rb7 25. Ra3 Qc7 26. Rfa1 Rgb8 27. Nd3 b5 28. axb5 axb5 29. cxb5 Bxb5 30. Nxb5 Rxb5 31. Ra7 R8b7 32. Rxb7 Qxb7 33. Nb2 Rxb3 $14 34. Nc4 Rb4 35. Nxd6 Qc7 36. Ra6 Bf8 37. Rc6 Qxd6 38. Rxd6 Bxd6 39. Qc3 Nxe4 40. Bxe4 Rxe4 41. Bxc5 Re2+ 42. Kg1 Nxd5 43. Qa3 Bxc5+ 44. Qxc5 Nf4 45. Kf1 Re1+ 0-1

[Event "WEM-KT 2018"]
[Site "Illertissen"]
[Date "2018.09.01"]
[Round "8"]
[White "Schelberg, Martin, Dr."]
[Black "Bildt, Maximilian"]
[Result "0-1"]
[ECO "B52"]
[WhiteElo "1727"]
[BlackElo "2073"]
[Annotator "NA"]
[PlyCount "68"]
[EventDate "2018.08.25"]
[EventType "tourn"]
[EventCountry "GER"]
[SourceTitle "playchess.com"]
[Source "ChessBase"]
[SourceQuality "1"]
[TimeControl "40/6000+30:3000+30"]

1. e4 c5 2. Nf3 d6 3. Bb5+ Bd7 4. Bxd7+ Qxd7 5. O-O Nc6 6. c3 Nf6 7. Re1 e6 8. d4 d5 9. Nbd2 cxd4 10. cxd4 Bb4 11. exd5 Qxd5 12. a3 Bd6 13. Nf1 O-O $11 14. b4 Rfd8 15. Ne3 Qh5 16. Nc4 Bc7 17. Be3 b5 18. Nce5 Nxe5 19. Nxe5 Qxd1 20. Raxd1 Bb6 21. Nc6 Rd7 22. Rc1 Nd5 23. Bg5 Rc7 24. Rc2 Rac8 25. Rec1 Kf8 26. Bh4 f5 27. g4 f4 28. g5 Ne7 29. g6 Nxg6 30. Bd8 Rxc6 31. Rxc6 Rxd8 32. Rxe6 Rxd4 33. Rc8+ Kf7 34. Ree8 Rd2 0-1

[Event "WEM-KT 2018"]
[Site "Illertissen"]
[Date "2018.09.02"]
[Round "9"]
[White "Laengl, Juergen"]
[Black "Wolf, Rainer"]
[Result "0-1"]
[ECO "C12"]
[WhiteElo "2223"]
[BlackElo "2044"]
[Annotator "ChessBase"]
[PlyCount "138"]
[EventDate "2018.08.25"]
[EventType "tourn"]
[EventCountry "GER"]
[SourceTitle "playchess.com"]
[Source "ChessBase"]
[SourceQuality "1"]
[TimeControl "40/6000+30:3000+30"]

1. d4 Nf6 2. Nc3 d5 3. Bg5 e6 4. e4 Bb4 5. e5 h6 6. Be3 Ne4 7. Qg4 g6 8. a3 Bxc3+ 9. bxc3 c5 10. Bd3 h5 11. Qh3 Nxc3 12. dxc5 Nc6 13. Nf3 d4 14. Bg5 Qa5 15. O-O Qxc5 16. Bf6 Rg8 17. Rfe1 b6 18. Ng5 a6 19. Re4 Ra7 20. Rf4 Nxe5 21. Re1 Ng4 22. Rxg4 Nd5 23. Rxd4 Nxf6 24. Rc4 Qxg5 25. Rxc8+ Ke7 26. Rxg8 Nxg8 27. Qf3 Nf6 28. a4 Qa5 29. Qe2 Kf8 30. h3 Kg7 31. Rb1 Qc5 32. Bxa6 Nd5 33. Qe5+ f6 34. Qxe6 Rxa6 35. Rd1 Ra5 36. h4 Qe7 37. Qc6 Rc5 38. Qa8 Nc3 39. Rd8 Ne2+ 40. Kh1 Rc4 41. Rg8+ Kf7 42. Qd5+ Qe6 43. Qxe6+ Kxe6 44. Re8+ Kd5 45. Rxe2 Rxh4+ 46. Kg1 Rxa4 47. f3 Ra1+ 48. Kf2 h4 49. Rd2+ Kc5 50. Ke3 Ra3+ 51. Ke2 b5 52. Rd8 Ra6 53. Rh8 g5 54. Kd2 Rd6+ 55. Kc1 Kd4 56. Re8 Kd5 57. Kb2 Re6 58. Rd8+ Ke5 59. Kb3 Kf4 60. Rd4+ Ke3 61. Rg4 Rc6 62. c3 Kf2 63. Kb4 Rc4+ 64. Kxb5 Rxg4 65. fxg4 Kxg2 66. c4 h3 67. c5 h2 68. c6 h1=Q 69. Kb6 Kg3 0-1

[Event "WEM-KT 2018"]
[Site "Illertissen"]
[Date "2018.09.02"]
[Round "9"]
[White "Guenther, Stefan"]
[Black "Schelberg, Martin"]
[Result "1-0"]
[ECO "E72"]
[WhiteElo "1907"]
[BlackElo "1727"]
[Annotator "NA"]
[PlyCount "91"]
[EventDate "2018.08.25"]
[EventType "tourn"]
[EventCountry "GER"]
[SourceTitle "playchess.com"]
[Source "ChessBase"]
[SourceQuality "1"]
[TimeControl "40/6000+30:3000+30"]

1. d4 Nf6 2. c4 g6 3. g3 Bg7 4. Bg2 O-O 5. Nc3 c6 6. e4 d6 7. h3 {[%emt 0:01:05] LiveBook: 6 Games E72: Königsindisch (Varianten mit g2-g3 und Sge2)} (7. Nge2 e5 8. O-O Nbd7 9. b3 exd4 10. Nxd4 Re8 11. Be3 Nc5 12. f3 d5 13. Nxc6 bxc6 14. Bxc5 dxc4 15. Qxd8 Rxd8 16. Rfd1 Rxd1+ 17. Rxd1 Nd7 18. Bd4 cxb3 19. axb3 {½-½ (85) Hammer,J (2631)-Arvola,B (2471) Sarpsborg 2018}) 7... e5 8. Be3 a5 $146 ({Vorgänger:} 8... a6 9. a4 Nbd7 10. Nge2 Nb6 11. b3 Ne8 12. g4 f5 13. gxf5 gxf5 14. exf5 Bxf5 {1-0 (26) Jaunooby,A (2144)-Flynn,D (1978) Hastings 2012}) 9. Nf3 Na6 10. O-O exd4 11. Bxd4 Be6 12. Qe2 d5 (12... a4 $14) 13. cxd5 cxd5 14. exd5 Bxd5 15. Nxd5 Qxd5 16. Rfd1 Qe4 17. Qd2 (17. Qb5 $142) 17... Nb4 18. Ne1 Qe7 19. a3 Nc6 20. Bc3 Rad8 21. Qc2 Rc8 22. Qa4 Qc5 23. Nd3 Qb6 24. Bxc6 Qxc6 25. Qxc6 Rxc6 26. Ne5 Rc5 27. Rd3 Re8 28. Nd7 ({White should try} 28. Re1 $11) 28... Nxd7 29. Bxg7 Kxg7 30. Rxd7 b5 31. Rb1 (31. Rad1 $11) 31... b4 ({Lieber} 31... Re2 $15 32. b4 axb4 33. Rxb4 Rf5) 32. axb4 axb4 33. Rb7 Rc4 34. b3 Rd4 35. Rc1 Red8 (35... Re5 $11 {remains equal.}) 36. Rc4 (36. Rcc7 $16 Rf8 37. Kg2) 36... Rd1+ (36... Rxc4 $11 37. bxc4 Rd1+ 38. Kg2 Rb1) 37. Kg2 Rb1 38. Rcxb4 Rd2 39. Rf4 Kh6 40. Rfxf7 Rbb2 41. Rxh7+ $2 (41. h4 {mates} g5 42. Rf6+ Kh5 43. Kh3 g4+ 44. Kg2 Rxf2+ 45. Rxf2 Rxf2+ 46. Kxf2) 41... Kg5 42. Rhf7 Rd3 43. h4+ Kh5 44. Rb4 Kh6 45. g4 Rd5 46. Rb8 1-0